| TOP OF THE 1ST |
|
Rome Braves batting - Pitching for Los Angeles (NYP) Dodgers : RHP Bob Lattin
|
|
Pitching: RHP Bob Lattin
|
|
|
Batting: LHB Javier Rubio
|
0-0: Bunt missed! 0-1: Called Strike 0-2: Strikes out looking
|
|
Batting: SHB Jose Melendez
|
0-0: Called Strike 0-1: Called Strike 0-2: Ball 1-2: Ground out U3 (Groundball, 3, EV 82.5 MPH)
|
|
Batting: RHB Bill Turnbull
|
0-0: Fly out, F7 (Flyball, 7, EV 85.0 MPH)
|
| Top of the 1st over - 0 runs, 0 hits, 0 errors, 0 left on base; Rome 0 - Los Angeles (NYP) 0 |
| BOTTOM OF THE 1ST |
|
Los Angeles (NYP) Dodgers batting - Pitching for Rome Braves : RHP Ioakim Mozgo
|
|
Pitching: RHP Ioakim Mozgo
|
|
|
Batting: RHB Roberto Monzon
|
0-0: Ball 1-0: Ball 2-0: Ball 3-0: Base on Balls
|
|
Batting: RHB Justin Anastasio
|
0-0: Ball Roberto Monzon steals 2nd base 1-0: Ball 2-0: Ground out 5-3 (Groundball, 56, EV 103.8 MPH)
|
|
Batting: SHB Nate Kopchak
|
0-0: Ball Roberto Monzon steals 3rd base 1-0: Called Strike 1-1: Ball 2-1: SINGLE (Line Drive, 6D, EV 98.1 MPH) Roberto Monzon scores
|
|
Batting: RHB Roberto Lemus
|
0-0: Called Strike 0-1: Ball 1-1: Foul Ball, location: 2F 1-2: Ball 2-2: Foul Ball, location: 2F 2-2: Fielders Choice at 2nd, 5-4 (Groundball, 15, EV 88.8 MPH)
|
|
Batting: RHB Dave Cordero
|
0-0: Ball Roberto Lemus steals 2nd base (no throw) 1-0: Called Strike 1-1: Ground out U3 (Groundball, 13, EV 83.8 MPH)
|
| Bottom of the 1st over - 1 run, 1 hit, 0 errors, 1 left on base; Rome 0 - Los Angeles (NYP) 1 |
| TOP OF THE 2ND |
|
Rome Braves batting - Pitching for Los Angeles (NYP) Dodgers : RHP Bob Lattin
|
|
Batting: RHB Corey Dalton
|
0-0: Called Strike 0-1: Swinging Strike 0-2: Foul Ball, location: 2F 0-2: SINGLE (Line Drive, 56D, EV 93.8 MPH)
|
|
Batting: RHB Armando Moz
|
0-0: Ball 1-0: Ball 2-0: Called Strike 2-1: Foul Ball, location: 2F 2-2: Foul Ball, location: 2F 2-2: Strikes out swinging
|
|
Batting: RHB Terry Hughes
|
0-0: Foul Ball, location: 2F 0-1: Called Strike 0-2: Strikes out looking
|
|
Batting: RHB Ingidayehu Lagat
|
0-0: Called Strike 0-1: Ball 1-1: Ball 2-1: Fly out, F7 (Flyball, 78M, EV 92.5 MPH)
|
| Top of the 2nd over - 0 runs, 1 hit, 0 errors, 1 left on base; Rome 0 - Los Angeles (NYP) 1 |
| BOTTOM OF THE 2ND |
|
Los Angeles (NYP) Dodgers batting - Pitching for Rome Braves : RHP Ioakim Mozgo
|
|
Batting: RHB Kevin Ezell
|
0-0: Ball 1-0: Ball 2-0: Ball 3-0: Base on Balls
|
|
Batting: LHB Jose Mojica
|
0-0: Ball 1-0: Foul Ball, location: 2F 1-1: Fly out, F3 (Line Drive, 3, EV 68.1 MPH) Lined into DP, U3 (Line Drive, 3, EV 65.0 MPH)
|
|
Batting: RHB Nick Massengale
|
0-0: Ball 1-0: Fly out, F8 (Flyball, 8LM, EV 81.2 MPH)
|
| Bottom of the 2nd over - 0 runs, 0 hits, 0 errors, 0 left on base; Rome 0 - Los Angeles (NYP) 1 |
| TOP OF THE 3RD |
|
Rome Braves batting - Pitching for Los Angeles (NYP) Dodgers : RHP Bob Lattin
|
|
Batting: LHB Malik Boulay
|
0-0: Ball 1-0: Foul Ball, location: 2F 1-1: Called Strike 1-2: Ground out 4-3 (Groundball, 34, EV 88.8 MPH)
|
|
Batting: RHB George Provance
|
0-0: Called Strike 0-1: Fly out, F8 (Flyball, 8RM, EV 85.0 MPH)
|
|
Batting: LHB Javier Rubio
|
0-0: Fly out, F8 (Flyball, 78M, EV 86.9 MPH)
|
| Top of the 3rd over - 0 runs, 0 hits, 0 errors, 0 left on base; Rome 0 - Los Angeles (NYP) 1 |
| BOTTOM OF THE 3RD |
|
Los Angeles (NYP) Dodgers batting - Pitching for Rome Braves : RHP Ioakim Mozgo
|
|
Batting: RHB Brad Brady
|
0-0: Ball 1-0: Ball 2-0: Called Strike 2-1: Foul Ball, location: 2F 2-2: Foul Ball, location: 2F 2-2: Strikes out swinging
|
|
Batting: RHB Roberto Monzon
|
0-0: Ball 1-0: Called Strike 1-1: Foul Ball, location: 2F 1-2: Foul Ball, location: 2F 1-2: Strikes out swinging
|
|
Batting: RHB Justin Anastasio
|
0-0: Foul Ball, location: 2F 0-1: Foul Ball, location: 2F 0-2: Strikes out swinging
|
| Bottom of the 3rd over - 0 runs, 0 hits, 0 errors, 0 left on base; Rome 0 - Los Angeles (NYP) 1 |
| TOP OF THE 4TH |
|
Rome Braves batting - Pitching for Los Angeles (NYP) Dodgers : RHP Bob Lattin
|
|
Batting: SHB Jose Melendez
|
0-0: Ball 1-0: Reached on error, E5 (Groundball, 5, EV 93.8 MPH)
|
|
Batting: RHB Bill Turnbull
|
0-0: Called Strike 0-1: Ball 1-1: Foul Ball, location: 2F 1-2: SINGLE (Groundball, 6M, EV 96.2 MPH) (infield hit) Jose Melendez to third
|
|
Batting: RHB Corey Dalton
|
0-0: Called Strike Bill Turnbull is caught stealing 2nd base 2-4 0-1: Ball 1-1: Ground out 6-3 (Groundball, 6, EV 101.9 MPH) Jose Melendez scores
|
|
Batting: RHB Armando Moz
|
0-0: SINGLE (Groundball, 6MD, EV 103.1 MPH)
|
|
Batting: RHB Terry Hughes
|
0-0: Swinging Strike 0-1: Foul Ball, location: 2F 0-2: Foul Ball, location: 2F 0-2: Fly out, F7 (Flyball, 78M, EV 93.1 MPH)
|
| Top of the 4th over - 1 run, 2 hits, 1 error, 1 left on base; Rome 1 - Los Angeles (NYP) 1 |
| BOTTOM OF THE 4TH |
|
Los Angeles (NYP) Dodgers batting - Pitching for Rome Braves : RHP Ioakim Mozgo
|
|
Batting: SHB Nate Kopchak
|
0-0: Foul Ball, location: 2F 0-1: Swinging Strike 0-2: Ball 1-2: Ball 2-2: Strikes out swinging
|
|
Batting: RHB Roberto Lemus
|
0-0: Ball 1-0: Foul Ball, location: 2F 1-1: Fly out, F7 (Flyball, 78S, EV 77.5 MPH)
|
|
Batting: RHB Dave Cordero
|
0-0: Called Strike 0-1: Foul Ball, location: 2F 0-2: Ball 1-2: Foul Ball, location: 2F 1-2: Strikes out swinging
|
| Bottom of the 4th over - 0 runs, 0 hits, 0 errors, 0 left on base; Rome 1 - Los Angeles (NYP) 1 |
| TOP OF THE 5TH |
|
Rome Braves batting - Pitching for Los Angeles (NYP) Dodgers : RHP Bob Lattin
|
|
Batting: RHB Ingidayehu Lagat
|
0-0: Called Strike 0-1: Foul Ball, location: 2F 0-2: Ball 1-2: Strikes out swinging
|
|
Batting: LHB Malik Boulay
|
0-0: Called Strike 0-1: Swinging Strike 0-2: Ball 1-2: Strikes out swinging
|
|
Batting: RHB George Provance
|
0-0: SINGLE (Groundball, 4MD, EV 110.0 MPH)
|
|
Batting: LHB Javier Rubio
|
0-0: Ball Wild Pitch! George Provance to second 1-0: SINGLE (Groundball, 3D, EV 96.2 MPH) George Provance to third Runner from 3rd tries for Home, SAFE, throw by RF to home
|
|
Batting: SHB Jose Melendez
|
0-0: Called Strike Javier Rubio steals 2nd base 0-1: SINGLE (Line Drive, 8LS, EV 105.6 MPH) Javier Rubio to third Runner from 3rd tries for Home, SAFE, throw by CF to home
|
|
Batting: RHB Bill Turnbull
|
0-0: Ball Jose Melendez steals 2nd base 1-0: Ball 2-0: Foul Ball, location: 2F 2-1: Ground out U3 (Groundball, 3, EV 81.9 MPH)
|
| Top of the 5th over - 2 runs, 3 hits, 0 errors, 1 left on base; Rome 3 - Los Angeles (NYP) 1 |
| BOTTOM OF THE 5TH |
|
Los Angeles (NYP) Dodgers batting - Pitching for Rome Braves : RHP Ioakim Mozgo
|
|
Batting: RHB Kevin Ezell
|
0-0: Fly out, F6 (Popup, P, EV 75.6 MPH)
|
|
Batting: LHB Jose Mojica
|
0-0: Ball 1-0: Ball 2-0: Called Strike 2-1: Swinging Strike 2-2: Strikes out swinging
|
|
Batting: RHB Nick Massengale
|
0-0: Called Strike 0-1: SOLO HOME RUN (Flyball, 78XD, EV 113.8 MPH), Distance : 430 ft
|
|
Batting: RHB Brad Brady
|
0-0: Ball 1-0: Called Strike 1-1: Swinging Strike 1-2: Foul Ball, location: 2F 1-2: Ball 2-2: Strikes out swinging
|
| Bottom of the 5th over - 1 run, 1 hit, 0 errors, 0 left on base; Rome 3 - Los Angeles (NYP) 2 |
| TOP OF THE 6TH |
|
Rome Braves batting - Pitching for Los Angeles (NYP) Dodgers : RHP Bob Lattin
|
|
Batting: RHB Corey Dalton
|
0-0: Ball 1-0: Swinging Strike 1-1: Swinging Strike 1-2: Ball 2-2: Foul Ball, location: 2F 2-2: Strikes out swinging
|
|
Batting: RHB Armando Moz
|
0-0: Ball 1-0: Ball 2-0: Ground out 4-3 (Groundball, 6MD, EV 85.0 MPH)
|
|
Batting: RHB Terry Hughes
|
0-0: Ball 1-0: Fly out, F7 (Flyball, 78D, EV 83.8 MPH)
|
| Top of the 6th over - 0 runs, 0 hits, 0 errors, 0 left on base; Rome 3 - Los Angeles (NYP) 2 |
| BOTTOM OF THE 6TH |
|
Los Angeles (NYP) Dodgers batting - Pitching for Rome Braves : RHP Ioakim Mozgo
|
|
Batting: RHB Roberto Monzon
|
0-0: Called Strike 0-1: TRIPLE (Line Drive, 78XD, EV 110.0 MPH)
|
|
Batting: RHB Justin Anastasio
|
0-0: Ball Passed Ball! Roberto Monzon scores 1-0: Fly out, F8 (Flyball, 89M, EV 84.4 MPH)
|
|
Batting: SHB Nate Kopchak
|
0-0: Called Strike 0-1: Called Strike 0-2: Foul Ball, location: 2F 0-2: Ball 1-2: Foul Ball, location: 2F 1-2: Ball 2-2: Ball 3-2: Foul Ball, location: 2F 3-2: Foul Ball, location: 2F 3-2: Base on Balls
|
|
Batting: RHB Roberto Lemus
|
0-0: Swinging Strike 0-1: Ball 1-1: Ball 2-1: Called Strike 2-2: Strikes out swinging
|
|
Batting: RHB Dave Cordero
|
0-0: Ball Wild Pitch! Nate Kopchak to second 1-0: Ball 2-0: Ball 3-0: Called Strike 3-1: Base on Balls
|
|
Batting: RHB Kevin Ezell
|
0-0: Called Strike 0-1: SINGLE (Line Drive, 6D, EV 95.6 MPH) Nate Kopchak to third Dave Cordero to second Runner from 3rd tries for Home, SAFE, throw by LF to home
|
|
Batting: LHB Jose Mojica
|
0-0: Foul Ball, location: 2F 0-1: Ball 1-1: Ball 2-1: Foul Ball, location: 2F 2-2: Ball 3-2: Foul Ball, location: 2F 3-2: Ground out 5-3 (Groundball, 5, EV 86.2 MPH)
|
| Bottom of the 6th over - 2 runs, 2 hits, 0 errors, 2 left on base; Rome 3 - Los Angeles (NYP) 4 |
| TOP OF THE 7TH |
|
Rome Braves batting - Pitching for Los Angeles (NYP) Dodgers : RHP Bob Lattin
|
|
Batting: RHB Ingidayehu Lagat
|
0-0: Called Strike 0-1: Ball 1-1: Foul Ball, location: 2F 1-2: Ball 2-2: Ground out 5-3 (Groundball, 5S, EV 85.0 MPH)
|
|
Batting: LHB Malik Boulay
|
0-0: Ball 1-0: Foul Ball, location: 2F 1-1: SINGLE (Groundball, 34D, EV 101.9 MPH)
|
|
Batting: RHB George Provance
|
0-0: Foul Ball, location: 2F 0-1: Ball 1-1: Grounds into double play, 1-4-3 (Groundball, 15S, EV 73.8 MPH)
|
| Top of the 7th over - 0 runs, 1 hit, 0 errors, 0 left on base; Rome 3 - Los Angeles (NYP) 4 |
| BOTTOM OF THE 7TH |
|
Los Angeles (NYP) Dodgers batting - Pitching for Rome Braves : RHP Ioakim Mozgo
|
|
Pitching: RHP Jose Santos
|
|
|
Batting: RHB Nick Massengale
|
0-0: Ground out 6-3 (Groundball, 56D, EV 85.0 MPH)
|
|
Batting: RHB Brad Brady
|
0-0: Ball 1-0: Ball 2-0: Foul Ball, location: 2F 2-1: Ball 3-1: Base on Balls
|
|
Batting: RHB Roberto Monzon
|
0-0: Ball 1-0: Ball 2-0: Fielders Choice at 2nd, 3-6 (Groundball, 34, EV 89.4 MPH)
|
|
Batting: RHB Justin Anastasio
|
0-0: Called Strike Roberto Monzon steals 2nd base 0-1: Ground out 6-3 (Groundball, 6, EV 105.0 MPH)
|
| Bottom of the 7th over - 0 runs, 0 hits, 0 errors, 1 left on base; Rome 3 - Los Angeles (NYP) 4 |
| TOP OF THE 8TH |
|
Rome Braves batting - Pitching for Los Angeles (NYP) Dodgers : RHP Bob Lattin
|
|
Batting: LHB Javier Rubio
|
0-0: Called Strike 0-1: Fly out, F7 (Line Drive, 7, EV 102.5 MPH)
|
|
Batting: SHB Jose Melendez
|
0-0: Ball 1-0: Foul Ball, location: 2F 1-1: Foul Ball, location: 2F 1-2: Ball 2-2: SINGLE (Line Drive, 6D, EV 94.4 MPH)
|
|
Pitching: RHP Matt Hager
|
|
|
Batting: RHB Bill Turnbull
|
0-0: Ball 1-0: Called Strike 1-1: Foul Ball, location: 2F 1-2: Fielders Choice at 2nd, 3-6 (Groundball, 3, EV 83.8 MPH)
|
|
Batting: RHB Corey Dalton
|
0-0: Swinging Strike 0-1: Foul Ball, location: 2F 0-2: Ball 1-2: Foul Ball, location: 2F 1-2: Ball 2-2: Fly out, F9 (Flyball, 89M, EV 80.6 MPH)
|
| Top of the 8th over - 0 runs, 1 hit, 0 errors, 1 left on base; Rome 3 - Los Angeles (NYP) 4 |
| BOTTOM OF THE 8TH |
|
Los Angeles (NYP) Dodgers batting - Pitching for Rome Braves : RHP Jose Santos
|
|
Batting: SHB Nate Kopchak
|
0-0: Foul Ball, location: 2F 0-1: Swinging Strike 0-2: Ball 1-2: Foul Ball, location: 2F 1-2: Ball 2-2: Foul Ball, location: 2F 2-2: Strikes out swinging
|
|
Batting: RHB Roberto Lemus
|
0-0: Called Strike 0-1: Called Strike 0-2: Strikes out swinging
|
|
Batting: RHB Dave Cordero
|
0-0: Called Strike 0-1: Called Strike 0-2: Ball 1-2: Strikes out swinging
|
| Bottom of the 8th over - 0 runs, 0 hits, 0 errors, 0 left on base; Rome 3 - Los Angeles (NYP) 4 |
| TOP OF THE 9TH |
|
Rome Braves batting - Pitching for Los Angeles (NYP) Dodgers : RHP Matt Hager
|
|
Batting: RHB Armando Moz
|
0-0: Called Strike 0-1: DOUBLE (Line Drive, 89D, EV 101.2 MPH)
|
|
Pinch Hitting: LHB Andres Aldape
|
0-0: Ball 1-0: Ball 2-0: Called Strike 2-1: Ball 3-1: Foul Ball, location: 2F 3-2: Foul Ball, location: 2F 3-2: Foul Ball, location: 2F 3-2: Strikes out swinging
|
|
Batting: RHB Ingidayehu Lagat
|
0-0: Called Strike 0-1: Foul Ball, location: 2F 0-2: Ball 1-2: Ball 2-2: Foul Ball, location: 2F 2-2: Foul Ball, location: 2F 2-2: Strikes out looking
|
|
Batting: LHB Malik Boulay
|
0-0: Ball 1-0: Called Strike 1-1: Swinging Strike 1-2: Ball 2-2: SINGLE (Line Drive, 3D, EV 103.8 MPH) Armando Moz to third Runner from 3rd tries for Home, SAFE, throw by RF to home
|
|
Pinch Hitting: RHB Nick Holsinger
|
0-0: Called Strike Malik Boulay steals 2nd base 0-1: Ball 1-1: Called Strike 1-2: Strikes out looking
|
| Top of the 9th over - 1 run, 2 hits, 0 errors, 1 left on base; Rome 4 - Los Angeles (NYP) 4 |
| BOTTOM OF THE 9TH |
|
Los Angeles (NYP) Dodgers batting - Pitching for Rome Braves : RHP Jose Santos
|
|
Now at 1B: Nick Holsinger
|
|
|
Now in LF: Javier Rubio
|
|
|
Now in RF: Adonis Jenifer
|
|
|
Batting: RHB Kevin Ezell
|
0-0: Called Strike 0-1: Ground out 6-3 (Groundball, 56, EV 95.6 MPH)
|
|
Batting: LHB Jose Mojica
|
0-0: Ball 1-0: Ground out U3 (Groundball, 3, EV 103.1 MPH)
|
|
Pinch Hitting: SHB Nestor Ramirez
|
0-0: Ball 1-0: Called Strike 1-1: Ground out U3 (Groundball, 34, EV 108.8 MPH)
|
| Bottom of the 9th over - 0 runs, 0 hits, 0 errors, 0 left on base; Rome 4 - Los Angeles (NYP) 4 |
| TOP OF THE 10TH |
|
Rome Braves batting - Pitching for Los Angeles (NYP) Dodgers : RHP Matt Hager
|
|
Now in RF: Ruben Serrata
|
|
|
Batting: LHB Javier Rubio
|
0-0: Ground out 6-3 (Groundball, 6, EV 110.0 MPH)
|
|
Batting: SHB Jose Melendez
|
0-0: Ball 1-0: Foul Ball, location: 2F 1-1: Fly out, F9 (Line Drive, 89M, EV 104.4 MPH)
|
|
Batting: RHB Bill Turnbull
|
0-0: Called Strike 0-1: Ball 1-1: Called Strike 1-2: Ball 2-2: Foul Ball, location: 2F 2-2: Foul Ball, location: 2F 2-2: Foul Ball, location: 2F 2-2: SINGLE (Groundball, 6MD, EV 94.4 MPH)
|
|
Pitching: LHP Terry LaPlante
|
|
|
Batting: RHB Corey Dalton
|
0-0: Ball 1-0: Called Strike 1-1: Foul Ball, location: 2F 1-2: Hit by Pitch Bill Turnbull to second
|
|
Batting: RHB Armando Moz
|
0-0: Called Strike 0-1: Foul Ball, location: 2F 0-2: Strikes out swinging
|
| Top of the 10th over - 0 runs, 1 hit, 0 errors, 2 left on base; Rome 4 - Los Angeles (NYP) 4 |
| BOTTOM OF THE 10TH |
|
Los Angeles (NYP) Dodgers batting - Pitching for Rome Braves : RHP Jose Santos
|
|
Pitching: RHP Troy Hutch
|
|
|
Batting: RHB Brad Brady
|
0-0: Called Strike 0-1: Swinging Strike 0-2: Strikes out looking
|
|
Batting: RHB Roberto Monzon
|
0-0: Called Strike 0-1: Ball 1-1: Swinging Strike 1-2: Ball 2-2: Fly out, F9 (Flyball, 9, EV 83.8 MPH)
|
|
Batting: RHB Justin Anastasio
|
0-0: Foul Ball, location: 2F 0-1: Ball 1-1: Called Strike 1-2: Ball 2-2: SOLO HOME RUN (Flyball, 7LD, EV 92.5 MPH), Distance : 345 ft
|
| Bottom of the 10th over - 1 run, 1 hit, 0 errors, 0 left on base; Rome 4 - Los Angeles (NYP) 5 |
|